 Dungeon Crawl Stone Soup version bcrawl-1.21.3 (webtiles) character file.

Game seed: 15654832635010658936

45 MisterOstroum the Magician (level 3, 8/29 HPs)
             Began as a Demigod Wizard on Apr 5, 2020.
             Quit the game on level 2 of the Dungeon.
             The game lasted 00:05:57 (2514 turns).

MisterOstroum the Magician (Demigod Wizard)         Turns: 2514, Time: 00:05:57

Health: 8/29       AC:  2    Str: 11    XL:     3   Next: 42%
Magic:  5/10       EV: 12    Int: 24    God:    Demigod [*.....]
Gold:   76         SH:  0    Dex: 15    Spells: 2/7 levels left

rFire    . . .     SeeInvis .   a - +0 staff
rCold    . . .     Gourm    .   (no shield)
rNeg     . . .     Faith    .   b - +0 robe
rPois    .         Spirit   .   c - +0 hat
rElec    .         Reflect  .   (no cloak)
rCorr    .         Harm     .   (no gloves)
MR       .....                  (no boots)
Stlth    +.........             (no amulet)
HPRegen  0.09/turn              (no ring)
MPRegen  0.12/turn              (no ring)

@: confused
A: high mp 1
a: Temporal Distortion


You were on level 2 of the Dungeon.
You worshipped Demigod.
Demigod was aware of your devotion.
You were hungry.

You visited 1 branch of the dungeon, and saw 2 of its levels.

You collected 76 gold pieces.

Inventory:

Hand Weapons
 a - a +0 staff (weapon)
 e - a +0 spear
Missiles
 j - 80 poisoned needles
 k - 299 arrows
 l - 187 bolts
 r - 172 stones (quivered)
 t - 141 sling bullets
Armour
 b - a +0 robe (worn)
 c - a +0 hat (worn)
Jewellery
 g - an uncursed ring of stealth {unknown}
 n - an uncursed amulet of rage {unknown}
Scrolls
 i - 5 scrolls of identify {unknown}
 m - 2 scrolls of teleportation {unknown}
Potions
 d - 2 potions of mutation {unknown}
 f - a potion of brilliance
 h - 2 potions of degeneration {unknown}
 o - a potion of curing {unknown}
 p - 2 potions of flight {unknown}
 q - a potion of heal wounds {unknown}


   Skills:
 - Level 2.0 Fighting
 - Level 1.7 Dodging
 - Level 2.0 Stealth
 + Level 2.9 Spellcasting
 * Level 1.8 Conjurations
 - Level 0.8 Summonings
 - Level 0.8 Translocations


You had 2 spell levels left.
You knew the following spells:

 Your Spells              Type           Power        Failure   Level  Hunger
a - Magic Dart            Conj           ##..         4%          1    None
c - Call Imp              Summ           #.....       12%         2    ##.....
B - Blink                 Tloc           N/A          12%         2    ##.....

Your spell library contained the following spells:

 Spells                   Type           Power        Failure   Level  Hunger
 Conjure Flame            Conj/Fire      #.......     22%         3    ###....
 Mephitic Cloud           Conj/Pois/Air  #.......     26%         3    ###....
 Spider Form              Tmut/Pois      #..          32%         3    ###....


Dungeon Overview and Level Annotations

Branches:
Dungeon (2/12)

Annotations:
D:2 Sigmund


Innate Abilities, Weirdness & Mutations

You have an increased reservoir of magic. (+10% MP)


Message History

Your crimson imp hits Sigmund but does no damage.
Your crimson imp barely misses Sigmund.
Sigmund says, "I'm your fate."
Sigmund hits your crimson imp with a +0 scythe.
Your crimson imp misses Sigmund.
Sigmund closely misses your crimson imp.
Your crimson imp closely misses Sigmund.
Your crimson imp closely misses Sigmund.
Sigmund hits your crimson imp with a +0 scythe.
Your crimson imp hits Sigmund.
Your crimson imp blinks!
Sigmund gestures wildly while chanting.
Sigmund flickers and vanishes!
Your crimson imp closely misses something.
Something barely misses your crimson imp.
Your crimson imp closely misses something.
Unknown command.
Unknown command.
Your crimson imp disappears in a puff of smoke!
Your crimson imp closely misses something.
Something hits your crimson imp.
Your crimson imp barely misses something.
Something hits your crimson imp!
Your crimson imp barely misses something.
Something closely misses your crimson imp.
Your crimson imp barely misses something.
Your crimson imp closely misses something.
Something hits your crimson imp.
Your crimson imp misses something.
You are feeling hungry.
Your crimson imp closely misses something.
Something closely misses your crimson imp.
Casting: Call Imp (safe; 12% risk of failure)
Confirm with . or Enter, or press ? or * to list all spells.
A beastly little devil appears in a puff of flame.
Your crimson imp disappears in a puff of smoke!
Your crimson imp disappears in a puff of smoke!
You swap places.
Something tries to affect you, but you resist.
A magic dart appears from out of thin air!
The magic dart hits you!
Casting: Call Imp (safe; 12% risk of failure)
Confirm with . or Enter, or press ? or * to list all spells.
A beastly little devil appears in a puff of flame.
Casting: Call Imp (safe; 12% risk of failure)
Confirm with . or Enter, or press ? or * to list all spells.
You miscast Call Imp.
You are very lightly contaminated with residual magic.
Nothing appears to happen.
You swap places.
Your crimson imp blinks!
There is an open door here.
What are your orders? t - Shout!
Orders for allies: a - Attack new target. r - Retreat! s - Stop attacking. g - Guard the area. f - Follow me.
Anything else - Cancel.
Okay, then.
Unknown command.
Something hits you. Something misses your crimson imp.
Casting: Call Imp (safe; 12% risk of failure)
Confirm with . or Enter, or press ? or * to list all spells.
You don't know that spell.
You swap places.
Your crimson imp disappears in a puff of smoke!
Something hits you.
Unknown command.
What are your orders? t - Shout!
Orders for allies: a - Attack new target. r - Retreat! s - Stop attacking. g - Guard the area. f - Follow me.
Anything else - Cancel.
Okay, then.
Unknown command.
Casting: Call Imp (safe; 12% risk of failure)
Confirm with . or Enter, or press ? or * to list all spells.
You can't see any susceptible monsters within range! (Use Z to cast anyway.) Unknown command.
Something hits you!
* * * LOW HITPOINT WARNING * * *
Sigmund appears from thin air!
Reactivating autopickup.
Your crimson imp barely misses Sigmund.
Sigmund hits your crimson imp with a +0 scythe.
Your crimson imp hits Sigmund but does no damage.
Sigmund looks encouraged for a moment.
Your crimson imp barely misses Sigmund.
Okay, then.
Unknown command.
Sigmund mumbles some strange words.
Sigmund flickers and vanishes!
Deactivating autopickup; reactivate with Ctrl-A.
Your magical contamination has completely faded away.
Your crimson imp disappears in a puff of smoke!
You are confused.
You bump into the rock wall.
You bump into the rock wall.
Something hits you but does no damage.
Are you sure you want to abandon this character and quit the game? (Confirm with "yes".)

#(%#............# #..
#'######..)####.########## #.#
..# #.....# #.ยง........# #..
.#######...## ####.###.#.# #..
..........## #....###.#.# #..
#########.# #........#.# ##. #.#
#..........# #. ##'##
##.######### ###. ##...## #@#
#... # ##.....## #.#### #.## ##
##.......###.##.## #.##
.####.........##.....#########.#.
....'.........'..)...............
.####.........####...#########.#.
## ##.......## ##..# #.##
#######.....## ##.# #.##
...........## #.# #.#


There were no monsters in sight!

Vanquished Creatures
  3 dart slugs
  2 leopard geckos (D:1)
  3 giant cockroaches (D:1)
  8 goblins
  3 hobgoblins
  A jackal (D:2)
  4 bats (D:1)
  A frilled lizard (D:2)
  6 kobolds
  4 rats
35 creatures vanquished.

Notes
Turn   | Place    | Note
-------+----------+-------------------------------------------
     0 | D:1      | MisterOstroum the Demigod Wizard began the quest for the
                  | Orb.
     0 | D:1      | Reached XP level 1. HP: 14/14 MP: 6/6
   142 | D:1      | Reached skill level 1 in Fighting
   441 | D:1      | Reached XP level 2. HP: 14/23 MP: 4/8
   650 | D:1      | Learned a level 2 spell: Blink
   653 | D:1      | Learned a level 2 spell: Call Imp
   735 | D:1      | Reached skill level 1 in Conjurations
  1006 | D:1      | Reached XP level 3. HP: 22/29 MP: 0/9
  1933 | D:2      | Reached * piety under Demigod
  2176 | D:2      | Noticed Sigmund
  2514 | D:2      | Quit the game

Skill      XL: |  1  2 |
---------------+-------+-----
Fighting       | 1 2 |  2.0
Conjurations   | 1 |  1.8
Dodging        | |  1.7
Stealth        | |  2.0
Spellcasting   | |  2.9
Summonings     | |  0.8
Translocations | |  0.8

Action                   || total
-------------------------++-------
Melee: Staff             ||     6
 Cast: Magic Dart        ||    97
       Call Imp          ||    14
  Eat: Ration            ||     1
       Chunk             ||     1
Armor: Robe              ||    10
Dodge: Dodged            ||    22
